 Dungeon Crawl Stone Soup version 0.29.1-1-gd02db6906a (webtiles) character file.

Game seed: 12861481845045265766

211 concernfroge the Trooper (level 5, -1/47 HPs)
             Began as a Mummy Monk on Sept 18, 2022.
             Slain by an orc priest
             ... wielding a +0 flail
              (2 damage)
             ... on level 3 of the Dungeon.
             The game lasted 00:06:05 (3035 turns).

concernfroge the Trooper (Mummy Monk)               Turns: 3035, Time: 00:06:06

Health: -1/47      AC:  7    Str: 17    XL:     5   Next: 57%
Magic:  5/5        EV: 11    Int:  9    God:
Gold:   162        SH:  0    Dex: 14    Spells: 4/4 levels left

rFire   x . .      SeeInvis +   c - +0 war axe
rCold   + . .      Faith    .   (no shield)
rNeg    + + +      Spirit   .   b - +0 ring mail
rPois   ∞          Reflect  .   l - +0 helmet
rElec   .          Harm     .   (no cloak)
rCorr   .          Rampage  .   (no gloves)
Will    .....                   g - +0 pair of boots
Stlth   +.........              (no amulet)
HPRegen 0.15/turn               e - ring of see invisible
MPRegen 0.09/turn               (no ring)

@: no status effects
A: cold resistance 1, negative energy resistance 3, torment resistance 2, heat
vulnerability 1, in touch with death 1, no potions
a: no special abilities


You were on level 3 of the Dungeon.
You visited 1 branch of the dungeon, and saw 4 of its levels.

You collected 162 gold pieces.

Inventory:

Hand Weapons
 c - a +0 war axe (weapon)
Missiles
 f - 2 atropa-tipped darts (quivered)
 i - a throwing net
Armour
 b - a +0 ring mail (worn)
 g - a +0 pair of boots (worn)
 l - a +0 helmet (worn)
Jewellery
 e - a ring of see invisible (left hand)
Scrolls
 a - a scroll of enchant weapon {unknown}
 d - 2 scrolls of identify {unknown}
 h - a scroll of amnesia {unknown}
 j - a scroll of teleportation {unknown}
 k - a scroll of poison {unknown}
 m - a scroll of noise {unknown}


   Skills:
 + Level 6.4 Fighting
 - Level 2.4 Polearms
 - Level 2.4 Dodging
 - Level 1.5 Stealth


You had 4 spell levels left.
You didn't know any spells.
Your spell library contained the following spells:

 Spells                   Type           Power      Damage    Failure   Level
 Ignite Poison            Fire/Tmut/Pois 0%         N/A       92%         3
 Mephitic Cloud           Conj/Pois/Air  0%         N/A       92%         3
 Corpse Rot               Necr/Pois/Air  0%         N/A       100%        4
 Dispel Undead            Necr           0%         3d6       100%        4
 Freezing Cloud           Conj/Ice/Air   0%         6-21      100%        5
 Death Channel            Necr           0%         N/A       100%        6


Dungeon Overview and Level Annotations

Branches:
Dungeon (4/15)             Temple (0/1) D:4

Altars:
Nemelex Xobeh

Annotations:
D:4 2 runed translucent doors, Fractals's ghost, amateur HuHW


Innate Abilities, Weirdness & Mutations

You are immune to poison.
Your flesh is cold resistant. (rC+)
You are immune to negative energy. (rN+++)
You are immune to unholy pain and torment.
You are vulnerable to heat. (rF-)
You are in touch with the powers of death.
You do not drink.


Message History

An orc comes into view. It is wielding a +0 short sword.
The orc hits you but does no damage. The orc closely misses you.
You hit the orc.
The orc is lightly wounded.
You slash the orc! The orc completely misses you.
The orc hits you but does no damage.
You slash the orc!
You kill the orc!
You barely miss the orc. The orc closely misses you. x2
You hit the orc priest.
The orc priest is lightly wounded.
You slash the orc!
You kill the orc!
The orc priest invokes the aid of Beogh against you.
Beogh smites you! The orc hits you with a +0 morningstar.
* * * LOW HITPOINT WARNING * * *
The orc priest hits you with a +0 flail.
* * * LOW HITPOINT WARNING * * *
The orc attacks as you move away! The orc hits you with a +0 morningstar.
* * * LOW HITPOINT WARNING * * *
There is a stone staircase leading up here.
The orc hits you but does no damage.
You climb upwards.
There is a stone staircase leading down here.
The orc attacks as you move away! The orc closely misses you.
The orc priest attacks as you move away!
The orc priest hits you with a +0 flail.
* * * LOW HITPOINT WARNING * * *
Sorry, you're not good enough to have a special ability.
Okay, then.
You aren't carrying any items that you can evoke.
Okay, then.
You barely miss the orc priest.
The orc priest is lightly wounded.
The orc priest hits you with a +0 flail.
* * * LOW HITPOINT WARNING * * *
You hit the orc priest but do no damage.
The orc priest is lightly wounded.
The orc priest hits you with a +0 flail.
You die...

.# ##....##...#####.#.........#
.# ##...>...### ##....#.......#
.# ###...)...## ##...##........#
## #......[..#####.......###.....
###.##......##..........# #.#...
#...##........<.........# #.#...
#.####.......#####......# #....÷
##.####........##..##.######..#..
......#.......oo@.......##...##..
.............#.###...........##..
.............#.#####........###..
......#.....................# ###
..................).........#
.#############..............## .#
#.......#......!# |#
####.....##..#.##<##
############....###.#.....##..###


You could see an orc priest and an orc.

Vanquished Creatures
  A scorpion (D:4)
  An orc wizard (D:3)
  A gnoll (D:3)
  2 adders
  2 worms (D:2)
  A dart slug (D:1)
  3 orcs (D:4)
  6 endoplasms
  4 giant cockroaches
  12 goblins
  4 hobgoblins (D:1)
  2 jackals (D:1)
  8 kobolds
  4 quokkas
  8 ball pythons
  11 bats
  9 frilled lizards
  6 rats
85 creatures vanquished.

Vanquished Creatures (others)
  4 demonic plants (D:1)
  A withered plant (D:1)
5 creatures vanquished.

Grand Total: 90 creatures vanquished

Notes
Turn   | Place    | Note
-------+----------+-------------------------------------------
     0 | D:1      | concernfroge the Mummy Monk began the quest for the Orb.
     0 | D:1      | Reached XP level 1. HP: 18/18 MP: 1/1
   400 | D:1      | Reached XP level 2. HP: 23/24 MP: 2/2
   593 | D:1      | Reached skill level 4 in Fighting
   903 | D:1      | Found a faded altar of an unknown god.
   977 | D:1      | Gained mutation: You are in touch with the powers of death.
                  | [Mummy growth]
   977 | D:1      | Reached XP level 3. HP: 27/30 MP: 3/3
  1783 | D:2      | Reached XP level 4. HP: 38/38 MP: 4/4
  1788 | D:2      | Reached skill level 5 in Fighting
  2028 | D:2      | Found a sparkling altar of Nemelex Xobeh.
  2744 | D:4      | Noticed a scorpion
  2747 | D:4      | Found a large runed translucent door.
  2747 | D:4      | Found a large runed translucent door.
  2752 | D:4      | Killed a scorpion
  2753 | D:4      | Reached XP level 5. HP: 46/46 MP: 5/5
  2756 | D:4      | Noticed Fractals's ghost (amateur HuHW)
  2810 | D:3      | Reached skill level 6 in Fighting
  3008 | D:4      | Found a staircase to the Ecumenical Temple.
  3034 | D:3      | HP: 1/47 [orc priest/+0 flail (4)]
  3035 | D:3      | Slain by an orc priest

Illustrated notes

Levels and vault maps discovered:
D:1:      dpeg_arrival_solitude, layout_basic, shapermc_ecumenical_altar_gd
D:2:      layout_basic, basic_altar, minmay_lizard_pond
D:3:      layout_rooms
D:4:      layout_rooms, fedhas_ov_isle_minmay, gammafunk_temple_overflow_statue,
          minmay_temple_entry_large_hall, ebering_ghost_disaster_area

Skill      XL: |  1  2  3  4  5 |
---------------+----------------+-----
Fighting       | 4 5 6 |  6.4
Polearms       | |  2.4
Dodging        | |  2.4
Stealth        | |  1.5

Action                   |  1- 3 |  4- 6 || total
-------------------------+-------+-------++-------
Melee: Spear             |    41 |       ||    41
       War axe           |    74 |   108 ||   182
       Punch             |     1 |     1 ||     2
Throw: Dart              |       |     5 ||     5
 Stab: Sleeping          |     4 |       ||     4
       Invisible         |       |     2 ||     2
Armor: Robe              |    10 |       ||    10
       Ring mail         |    16 |    53 ||    69
       Leather armour    |     5 |       ||     5
Dodge: Dodged            |    91 |    77 ||   168
